 Dungeon Crawl Stone Soup version 0.15-a0-94-g674142f (webtiles) character file.

249 BluebellGnoll the Insei (level 4, -1/35 HPs)
             Began as a Demonspawn Monk on Apr 9, 2014.
             Slain by schwarznadel's ghost (7 damage)
             ... on Level 3 of the Dungeon.
             The game lasted 00:08:53 (2283 turns).

BluebellGnoll the Insei (Demonspawn Monk)           Turns: 2283, Time: 00:08:53

HP  -1/35        AC  6     Str 11      XL: 4   Next: 40%
MP   4/4         EV 13     Int 12      God:
Gold 154         SH  0     Dex 16      Spells:  0 memorised,  3 levels left

rFire  . . .     SeeInvis .       - Unarmed
rCold  . . .     Clarity  .     a - +0 robe
rNeg   . . .     Conserve .     (no shield)
rPois  .         rCorr    .     (no helmet)
rElec  .         rRot     .     (no cloak)
SustAb . .       Spirit   .     (no gloves)
rMut   .         Warding  .     (no boots)
Saprov . . .     Stasis   .     (no amulet)
MR     .....                    (no ring)
                                (no ring)

@: very slightly contaminated, hasted, very quick, not resistant to hostile
enchantments, quite stealthy
A: iridescent scales 1, nightstalker 1
a: no special abilities


You were on level 3 of the Dungeon.
You were not hungry.

You visited 1 branch of the dungeon, and saw 3 of its levels.

You collected 154 gold pieces.

Inventory:

Hand weapons
 e - a +1,+0 dagger of freezing
 p - a +2,+2 dagger of speed
 u - a +2,+1 dagger of draining
Missiles
 l - 13 darts (quivered)
Armour
 a - a +0 robe (worn)
Comestibles
 b - 5 bread rations
 r - 2 meat rations
 s - a chunk of jackal flesh
Scrolls
 c - 2 scrolls of random uselessness {unknown}
 f - 2 scrolls of identify {unknown}
 h - a scroll of immolation {unknown}
 i - 2 scrolls of remove curse {unknown}
 k - a scroll of noise {unknown}
 o - 2 scrolls of teleportation {unknown}
Potions
 d - a potion of invisibility {unknown}
 g - a potion of brilliance {unknown}
 j - a potion of haste
 m - a potion of flight {unknown}
 n - a potion of poison {unknown}


   Skills:
 - Level 3.0 Fighting
 + Level 3.3 Dodging
 * Level 2.3 Stealth
 - Level 4.7 Unarmed Combat


You had 3 spell levels left.
You didn't know any spells.

Dungeon Overview and Level Annotations

Branches:
Dungeon (3/15)

Altars:
The Shining One

Annotations:
D:3 schwarznadel's ghost, average FoFi


Innate Abilities, Weirdness & Mutations

You are partially covered in iridescent scales (AC +4).
You are slightly more attuned to the shadows.


Message History

Schwarznadel's ghost misses you.
You closely miss schwarznadel's ghost.
Schwarznadel's ghost is heavily damaged.
You barely miss schwarznadel's ghost.
Schwarznadel's ghost is heavily damaged.
Schwarznadel's ghost hits you.
* * * LOW HITPOINT WARNING * * *
Drink which item? (? for menu, Esc to quit)
You feel better.
Schwarznadel's ghost closely misses you.
You hit schwarznadel's ghost.
Schwarznadel's ghost is heavily damaged.
You punch schwarznadel's ghost!
Schwarznadel's ghost is severely damaged.
Schwarznadel's ghost hits you.
* * * LOW HITPOINT WARNING * * *
You hit schwarznadel's ghost but do no damage.
Schwarznadel's ghost is severely damaged.
Schwarznadel's ghost hits you!
You die...

. .. .# .#
###.# #<#.#
#.#p###+##
#.@.......
#.........
..........
####...(...
#....(.
#......
#.... #..


You could see schwarznadel's ghost.

Vanquished Creatures
  An adder (D:2)
  A worm (D:2)
  2 giant geckos
  10 bats
  4 giant cockroaches
  4 hobgoblins
  11 jackals
  13 kobolds
  2 quokkas (D:2)
  5 giant newts (D:2)
  14 goblins
  7 rats
74 creatures vanquished.

Notes
Turn   | Place    | Note
--------------------------------------------------------------
     0 | D:1      | BluebellGnoll, the Demonspawn Monk, began the quest for the Orb.
     0 | D:1      | Reached XP level 1. HP: 18/18 MP: 1/1
   214 | D:1      | Reached skill level 4 in Unarmed Combat
   218 | D:1      | Gained mutation: You are slightly more attuned to the shadows. [demonic ancestry]
   218 | D:1      | Reached XP level 2. HP: 21/24 MP: 2/2
   711 | D:1      | Reached XP level 3. HP: 19/29 MP: 3/3
   851 | D:1      | HP: 1/29 [jackal (1)]
  1490 | D:2      | Gained mutation: You are partially covered in iridescent scales (AC +4). [demonic ancestry]
  1490 | D:2      | Reached XP level 4. HP: 30/35 MP: 4/4
  2050 | D:2      | Found a glowing golden altar of the Shining One.
  2241 | D:3      | Noticed schwarznadel's ghost (average FoFi)
  2283 | D:3      | Slain by schwarznadel's ghost

Action                   |  1- 3 |  4- 6 || total
-------------------------+-------+-------++-------
Melee: Unarmed           |   178 |   125 ||   303
Throw: Dart              |       |     2 ||     2
  Use: Potion            |     2 |     2 ||     4
 Stab: Sleeping          |     9 |     4 ||    13
       Distracted        |     1 |       ||     1
